 Dungeon Crawl Stone Soup version 0.22-a0-126-g307c7c3 (webtiles) character file.

128 KristoblXynda the Slasher (level 5, -5/45 HPs)
             Began as a Naga Gladiator on Jan 30, 2018.
             Killed by divine providence
             ... invoked by an orc priest
              (15 damage)
             ... on level 3 of the Dungeon.
             The game lasted 00:06:05 (2293 turns).

KristoblXynda the Slasher (Naga Gladiator)          Turns: 2293, Time: 00:06:06

Health: -5/45      AC:  6    Str: 17    XL:     5   Next: 11%
Magic:  5/5        EV: 10    Int:  9    God:
Gold:   91         SH:  0    Dex: 18    Spells: 4/4 levels left

rFire    . . .     SeeInvis +   a - +0 long sword
rCold    . . .     Gourm    .   (no shield)
rNeg     . . .     Faith    .   j - +0 ring mail
rPois    +         Spirit   .   c - +1 helmet
rElec    .         Reflect  .   (no cloak)
rCorr    .         Harm     .   (no gloves)
MR       .....                  (no barding)
Stlth    ++........             g - amulet of rage
HPRegen  0.15/turn              o - +6 ring of dexterity
MPRegen  0.09/turn              (no ring)

@: short of breath, flying, very slow
A: large, see invisible, deformed body, poison resistance, slowness 2, slow
metabolism 1, spit poison 1, AC +1
a: Spit Poison, Evoke Berserk Rage


You were on level 3 of the Dungeon.
You were not hungry.

You visited 1 branch of the dungeon, and saw 3 of its levels.

You collected 91 gold pieces.

Inventory:

Hand Weapons
 a - a +0 long sword (weapon)
Missiles
 d - 5 throwing nets
 e - 2 javelins (quivered)
Armour
 c - a +1 helmet (worn)
 j - a +0 ring mail (worn)
Jewellery
 g - an amulet of rage (around neck)
 o - a +6 ring of dexterity (left hand)
Scrolls
 i - 2 scrolls of teleportation
 k - a scroll of random uselessness {unknown}
 m - a scroll of fog {unknown}
Potions
 n - a potion of agility
Comestibles
 f - 5 rations


   Skills:
 - Level 2.0 Fighting
 + Level 4.2 Long Blades
 - Level 2.1 Throwing
 + Level 1.2 Armour
 - Level 3.0 Dodging
 + Level 2.6 Stealth


You had 4 spell levels left.
You didn't know any spells.

Dungeon Overview and Level Annotations

Branches:
Dungeon (3/15)

Altars:
Hepliaklqana

Annotations:
D:3 KristoblXynda's ghost, amateur NaGl


Innate Abilities, Weirdness & Mutations

You cannot wear boots.
Your serpentine skin is tough. (AC +1)
You have supernaturally acute eyesight. (SInv)
Armour fits poorly on your strangely shaped body.
Your system is resistant to poisons. (rPois)
You cover ground very slowly.
You have a slow metabolism.
You can spit poison.


Message History

The orc priest hits you but does no damage.
You barely miss the orc priest.
The orc priest is lightly wounded.
The orc priest barely misses you.
You hit the orc priest.
The orc priest is moderately wounded.
You have got your breath back.
The orc priest looks encouraged for a moment.
Press: ? - help, Shift-Dir - straight line, f/p - orc priest
Aim: an orc priest, wielding a whip (moderately wounded)
The splash of poison hits the orc priest.
The orc priest appears unharmed.
The orc priest is moderately wounded.
You feel slightly more hungry. The orc priest hits you with a whip.
* * * LOW HITPOINT WARNING * * *
You barely miss the orc priest.
The orc priest is moderately wounded.
The orc priest calls down the wrath of Beogh upon you.
Beogh smites you!
You die...

#.#
#.####†#####
#.# #.#....#
#.# #.#.##.#
#.# #.#.##.#
#.###.#.##.#
#..........#
#####.#.####
#.#.# #.#@#
#.#o# ..#.#
#.#.# ##..#
#.# #.# #.#


You could see an orc priest.

Vanquished Creatures
  An orc wizard (D:3)
  4 adders (D:2)
  An adder skeleton (D:2)
  A worm (D:2)
  2 leopard geckos
  An orc (D:3)
  8 bats
  3 bat skeletons (D:2)
  A bat zombie (D:2)
  3 giant cockroaches (D:1)
  6 goblins
  5 hobgoblins
  2 jackals (D:2)
  3 kobolds
  A quokka (D:2)
  A ball python skeleton (D:2)
  4 frilled lizards
  A leopard gecko skeleton (D:2)
  A quokka skeleton (D:2)
  7 rats
56 creatures vanquished.

Notes
Turn   | Place    | Note
-------+----------+-------------------------------------------
     0 | D:1      | KristoblXynda the Naga Gladiator began the quest for the Orb.
     0 | D:1      | Reached XP level 1. HP: 19/19 MP: 1/1
   145 | D:1      | Reached XP level 2. HP: 1/26 MP: 2/2
  1055 | D:1      | Reached XP level 3. HP: 30/32 MP: 3/3
  1322 | D:2      | Reached skill level 1 in Stealth
  1327 | D:2      | Found a hazy altar of Hepliaklqana.
  1584 | D:2      | Reached XP level 4. HP: 31/39 MP: 4/4
  1665 | D:2      | Reached skill level 4 in Long Blades
  1942 | D:3      | Noticed KristoblXynda's ghost (amateur NaGl)
  2286 | D:3      | Reached skill level 1 in Armour
  2286 | D:3      | Reached XP level 5. HP: 15/45 MP: 5/5
  2293 | D:3      | Killed from afar by an orc priest

Vault maps used:
D:1:      matt_arrival_grand_opening
D:2:      lemuel_doored_altar, serial_undead, serial_undead_e, serial_undead_b,
          serial_undead_d, serial_undead_c, serial_undead_d, serial_undead_b,
          serial_undead_e
D:3:      uniq_terence

Skill      XL: |  1  2  3  4 |
---------------+-------------+-----
Throwing       | 2 |  2.1
Stealth        | 1 2 |  2.6
Long Blades    | 4 |  4.2
Dodging        | 3 |  3.0
Armour         | 1 |  1.2
Fighting       | |  2.0

Action                   |  1- 3 |  4- 6 || total
-------------------------+-------+-------++-------
Melee: Long sword        |    98 |    46 ||   144
 Abil: Spit Poison       |     7 |     4 ||    11
  Use: Scroll            |       |     4 ||     4
       Potion            |       |     1 ||     1
  Eat: Chunk             |     1 |     2 ||     3
       Ration            |       |     1 ||     1
Armor: Leather armour    |    20 |       ||    20
       Ring mail         |    19 |    17 ||    36
Dodge: Dodged            |    76 |    40 ||   116
       Rpst.: Long sword |    22 |    14 ||    36

Table legend:
 A = Spawn XP
 B = Non-spawn XP
 C = Spawn XP percentage of total XP
 D = Spawn monster count
 E = Non-spawn monster count
 F = Spawn count percentage of total count
 G = Total turns spent on level
                    A         B        C        D         E        F      G
               +---------+---------+-------+---------+---------+-------+---------
         Total |       0 |     183 |   0.0 |       0 |      56 |   0.0 |  2293
               +---------+---------+-------+---------+---------+-------+---------
           D:1 |       0 |      36 |   0.0 |       0 |      23 |   0.0 |  1145
           D:2 |       0 |      96 |   0.0 |       0 |      26 |   0.0 |  1013
           D:3 |       0 |      51 |   0.0 |       0 |       7 |   0.0 |   135
               +---------+---------+-------+---------+---------+-------+---------
